Map: [ESL] Stargazers

Players

Zoun - Winner!

  • Race: Protoss Protoss
  • Spawn Location: 1:00

gumiho

  • Race: Terran Terran
  • Spawn Location: 11:00

Event: HomeStory Cup XXI

VOD

Have the link to the VOD?

Description

Time

  • Played on: July 23, 2022, 4:16 p.m.
  • Length: 21:16

All games in this series

Show
View Real Time Build Order
Export as new Build Order

Zoun Protoss - Winner!

Build Orders: Carriers 

Get SALT Encoding   

  12  0:00  Probe  
  13  0:12  Probe  
  14  0:18  Pylon  
  14  0:24  Probe  
  15  0:36  Probe  
  15  0:39  Gateway  
  16  0:48  Probe  
  17  0:50  Assimilator  
  17  0:54  Pylon  
  17  1:00  Probe  
  18  1:13  Gateway  
  18  1:15  Probe  
  19  1:27  Cybernetics Core  
  19  1:28  Probe  
  20  1:36  Zealot  
  22  2:01  Stalker (Chrono Boost)  
  22  2:02  Adept (Chrono Boost)  
  22  2:08  Warp Gate  
  26  2:22  Stalker (Chrono Boost)  
  26  2:25  Nexus  
  28  2:31  Pylon  
  28  2:35  Probe  
  29  2:46  Assimilator  
  29  2:47  Probe  
  30  2:59  Probe  
  31  3:12  Probe  
  32  3:24  Probe  
  28  3:32  Stargate  
  28  3:36  Probe (Chrono Boost)  
  28  3:38  Probe (Chrono Boost)  
  30  3:48  Probe (Chrono Boost)  
  32  3:49  Probe (Chrono Boost)  
  32  3:52  Nexus  
  32  3:53  Probe (Chrono Boost)  
  32  3:54  Probe (Chrono Boost)  
  33  4:02  Adept, Probe  
  37  4:06  Probe  
  37  4:09  Adept  
  40  4:14  Phoenix (Chrono Boost)  
  42  4:18  Probe  
  42  4:19  Probe  
  44  4:25  Stalker  
  44  4:27  Pylon  
  46  4:37  Probe  
  47  4:38  Phoenix (Chrono Boost)  
  47  4:43  Probe  
  50  4:47  Pylon  
  50  4:50  Probe  
  51  4:59  Probe  
  52  5:00  Phoenix (Chrono Boost)  
  54  5:07  Twilight Council  
  54  5:08  Pylon  
  54  5:11  Forge  
  54  5:13  Probe (Chrono Boost)  
  55  5:17  Probe x2 (Chrono Boost)  
  57  5:26  Phoenix  
  62  5:29  Probe x2 (Chrono Boost)  
  62  5:31  Probe (Chrono Boost)  
  62  5:35  Probe x2 (Chrono Boost)  
  62  5:38  Probe (Chrono Boost)  
  62  5:41  Charge (Chrono Boost)  
  62  5:42  Gateway x2  
  65  5:47  Probe x2  
  67  5:54  Probe  
  68  5:59  Photon Cannon x2  
  68  6:02  Photon Cannon  
  68  6:08  Oracle (Chrono Boost)  
  71  6:12  Probe x3  
  71  6:14  Gateway  
  74  6:25  Probe x2, Protoss Ground Armor Level 1 (Chrono Boost)  
  76  6:36  Probe  
  76  6:37  Nexus, Probe x2  
  76  6:38  Gateway  
  79  6:41  Gateway  
  79  6:43  Gateway  
  79  6:44  Pylon  
  79  6:47  Sentry  
  81  6:48  Probe  
  81  6:49  Probe x2  
  81  6:52  Pylon  
  81  6:53  Assimilator  
  84  6:54  Assimilator  
  84  6:55  Pylon  
  84  6:58  Zealot  
  84  6:59  Zealot  
  88  7:08  Probe  
  89  7:14  Probe x2  
  91  7:20  Probe, Gateway  
  92  7:23  Zealot x3  
  92  7:24  Gateway  
  98  7:30  Pylon, Gateway  
  98  7:31  Forge, Gateway  
  98  7:33  Shield Battery  
  98  7:42  Zealot x5  
  108  7:45  Probe x2  
  108  7:46  Probe  
  108  7:51  Templar Archives  
  111  7:52  Probe  
  111  7:57  Probe, Shield Battery  
  111  7:58  Probe x2  
  115  7:59  Photon Cannon  
  115  8:10  Zealot x3  
  115  8:11  Zealot x2  
  125  8:15  Protoss Ground Weapons Level 1 (Chrono Boost)  
  123  8:27  High Templar x4  
  123  8:28  Zealot x3  
  123  8:31  Archon  
  123  8:32  Archon  
  123  8:33  Nexus  
  137  8:35  Zealot  
  137  8:38  Pylon  
  137  8:39  Pylon  
  136  8:41  Blink (Chrono Boost)  
  132  8:59  Zealot x10  
  132  9:02  Robotics Facility  
  142  9:09  Pylon  
  141  9:11  Protoss Ground Armor Level 2 (Chrono Boost)  
  141  9:34  Assimilator  
  141  9:35  Assimilator  
  141  9:37  Robotics Facility  
  141  9:38  Pylon  
  141  9:41  Pylon  
  141  9:44  Probe x4  
  145  9:49  Warp Prism (Chrono Boost)  
  147  9:55  Robotics Bay  
  147  9:56  Probe  
  147  9:58  Protoss Ground Weapons Level 2 (Chrono Boost), Zealot x11  
  170  10:07  Pylon  
  170  10:10  Photon Cannon, Shield Battery  
  170  10:20  Gateway  
  170  10:21  Gateway x2  
  170  10:23  Immortal (Chrono Boost)  
  170  10:24  Pylon  
  178  10:33  Immortal (Chrono Boost)  
  178  10:34  Assimilator  
  178  10:36  Pylon, Assimilator  
  178  10:37  Photon Cannon  
  178  10:42  Stargate  
  178  10:43  Fleet Beacon  
  178  10:44  Gravitic Boosters, Stargate  
  178  10:47  Protoss Air Weapons Level 1  
  176  11:09  Zealot x2  
  176  11:10  Zealot x8  
  196  11:18  Disruptor  
  199  11:35  Pylon  
  199  11:36  Protoss Ground Armor Level 3 (Chrono Boost)  
  199  11:39  Assimilator  
  199  11:44  Gravitic Drive, Assimilator  
  199  11:46  Observer  
  200  12:03  Photon Cannon, Shield Battery  
  200  12:05  Photon Cannon  
  200  12:07  Photon Cannon  
  194  12:10  Pylon  
  194  12:11  Carrier (Chrono Boost)  
  194  12:12  Carrier x2 (Chrono Boost), Protoss Ground Weapons Level 3 (Chrono Boost)  
  186  12:17  Disruptor (Chrono Boost)  
  186  12:18  Cybernetics Core  
  192  12:25  Stalker x4  
  192  12:27  Disruptor (Chrono Boost)  
  200  12:36  Photon Cannon  
  200  12:41  Extended Thermal Lance  
  200  12:50  Protoss Air Weapons Level 2 (Chrono Boost)  
  200  12:57  Nexus  
  198  13:03  Observer x2  
  200  13:09  Pylon  
  200  13:12  Stargate  
  200  13:13  Psionic Storm, Stargate, Assimilator  
  200  13:18  Assimilator  
  199  13:31  Tempest  
  196  13:35  Protoss Air Armor Level 1 (Chrono Boost)  
  196  13:38  Oracle  
  195  13:49  Disruptor x2  
  191  14:04  Tempest  
  179  14:11  Stalker x5  
  179  14:12  Zealot x3  
  198  14:17  Unknown  
  198  14:26  Observer, Protoss Shields Level 1 (Chrono Boost)  
  198  14:31  Observer  
  199  14:33  Pylon  
  199  14:34  Shield Battery  
  199  14:37  Shield Battery  
  199  14:38  Photon Cannon  
  199  14:39  Photon Cannon  
  199  14:42  Photon Cannon  
  199  14:48  Observer  
  198  15:04  Stalker  
  198  15:29  Observer  
  198  15:43  Nexus  
  198  15:46  Pylon, Zealot  
  200  15:53  Protoss Air Armor Level 2 (Chrono Boost)  
  200  15:54  Protoss Air Weapons Level 3 (Chrono Boost)  
  185  16:00  Disruptor x2  
  184  16:05  Tempest x3  
  199  16:15  Pylon  
  199  16:20  Assimilator  
  199  16:22  Shield Battery  
  199  16:24  Shield Battery  
  199  16:25  Photon Cannon  
  191  16:26  Photon Cannon  
  191  16:28  Pylon  
  191  16:34  Zealot x5  
  191  16:39  Disruptor x2  
  190  16:47  Stalker x2, Zealot  
  190  16:48  Zealot x2  
  196  17:00  Oracle, Protoss Shields Level 2 (Chrono Boost)  
  197  17:04  Dark Shrine  
  197  17:29  Zealot x2  
  195  17:30  Zealot  
  156  17:47  Zealot x8  
  156  17:48  Zealot  
  156  17:49  Disruptor (Chrono Boost)  
  151  17:52  Disruptor (Chrono Boost)  
  147  18:02  Carrier x5  
  147  18:03  Stalker x2  
  147  18:04  Stalker x3  
  160  18:15  Stalker  
  159  18:20  High Templar x2  
  159  18:21  High Templar x2  
  159  18:22  Disruptor (Chrono Boost), High Templar x3  
  159  18:23  Warp Prism (Chrono Boost)  
  159  18:24  High Templar  
  159  18:26  Observer  
  180  18:29  Archon x4  
  180  18:33  High Templar x4  
  188  18:41  Sentry  
  188  18:42  Immortal (Chrono Boost), High Templar  
  188  18:46  Immortal  
  198  18:55  Stalker  
  200  19:05  Shadow Stride  
  200  19:41  Observer  
  198  20:03  Observer  
  199  20:09  Observer  
  199  20:32  Observer  
  187  20:51  Archon  
  176  20:59  Zealot x10  
  176  21:00  Zealot  
  173  21:05  Zealot x3  
Show
View Real Time Build Order
Export as new Build Order

gumiho Terran 

Build Orders: Command Center First (CC) 

Get SALT Encoding   

  12  0:00  SCV  
  13  0:12  SCV  
  14  0:17  Supply Depot  
  14  0:24  SCV  
  15  0:38  SCV  
  16  0:50  SCV  
  17  1:00  Command Center  
  17  1:02  SCV  
  18  1:13  Barracks  
  18  1:15  SCV  
  19  1:20  Refinery  
  19  1:27  SCV  
  19  1:29  Refinery  
  20  1:39  SCV  
  21  1:52  SCV  
  22  2:01  Marine  
  23  2:04  Orbital Command  
  23  2:08  Factory  
  23  2:14  Orbital Command  
  23  2:19  Barracks Reactor  
  23  2:23  Orbital Command  
  23  2:28  Engineering Bay  
  23  2:31  SCV  
  24  2:43  SCV  
  25  2:49  SCV  
  26  2:52  Widow Mine  
  26  2:53  Starport  
  26  2:55  SCV, Marine  
  26  2:56  Marine  
  31  3:02  Bunker  
  31  3:12  SCV  
  28  3:13  SCV, Marine x2  
  30  3:27  Widow Mine  
  30  3:30  Medivac  
  30  3:31  Marine x2  
  32  3:41  SCV x2  
  33  3:53  Supply Depot  
  33  3:57  Supply Depot  
  33  4:00  Factory Tech Lab, Starport Tech Lab  
  33  4:09  Supply Depot  
  33  4:13  Terran Infantry Weapons Level 1  
  33  4:14  SCV x2  
  33  4:15  Marine  
  33  4:16  Marine  
  37  4:26  SCV x2  
  37  4:27  Banshee  
  42  4:33  Marine x2  
  41  4:38  SCV x2  
  41  4:39  Missile Turret  
  38  4:49  Siege Tank  
  38  4:51  SCV x2, Marine x2  
  45  4:54  Barracks  
  45  5:03  SCV x2  
  45  5:06  Supply Depot  
  47  5:09  Marine x2  
  49  5:15  SCV x2  
  51  5:22  Supply Depot  
  51  5:27  SCV x2, Marine x2  
  56  5:30  Raven, Barracks  
  56  5:33  Refinery  
  56  5:35  Refinery  
  55  5:39  SCV  
  55  5:41  SCV  
  56  5:45  Supply Depot, Marine x2  
  58  5:51  SCV  
  58  5:53  SCV  
  58  5:55  Barracks Tech Lab  
  57  6:00  Missile Turret  
  57  6:03  SCV, Siege Tank, Marine x2  
  63  6:09  Terran Infantry Armor Level 1  
  63  6:10  SCV  
  64  6:15  SCV  
  64  6:16  Stimpack  
  65  6:19  Marine  
  65  6:20  Marine x2  
  65  6:22  SCV  
  64  6:29  SCV  
  65  6:34  SCV  
  65  6:35  Combat Shield, Starport Reactor  
  65  6:36  Marine  
  65  6:37  Marine  
  65  6:38  Marine  
  69  6:41  SCV  
  69  6:42  Siege Tank  
  69  6:46  SCV  
  74  6:48  Supply Depot  
  74  6:53  SCV, Marine  
  76  6:54  Marine  
  76  6:55  Marine  
  78  7:02  SCV, Marine  
  78  7:05  SCV  
  80  7:10  Medivac x2  
  80  7:11  Marine  
  80  7:12  Marine  
  80  7:13  Marine  
  87  7:17  Command Center  
  87  7:21  Siege Tank  
  90  7:25  SCV x2  
  90  7:28  Supply Depot  
  90  7:29  Supply Depot  
  92  7:34  Barracks  
  92  7:37  Barracks  
  92  7:41  SCV x2  
  92  7:47  Marauder  
  92  7:50  Marine x2, Marauder  
  98  7:54  SCV x2  
  98  7:58  Medivac  
  102  7:59  Medivac  
  103  8:09  Armory  
  103  8:12  Engineering Bay  
  103  8:16  Bunker  
  103  8:17  Marauder  
  105  8:23  SCV x2  
  106  8:29  Marauder  
  106  8:30  Barracks Tech Lab, Barracks Reactor  
  108  8:38  Marauder  
  108  8:39  Missile Turret  
  108  8:40  SCV  
  108  8:41  SCV  
  112  8:53  SCV x2  
  114  8:57  Marine  
  114  8:58  Marauder x2  
  119  9:04  Orbital Command  
  119  9:05  SCV x2  
  119  9:09  Marauder  
  123  9:16  Terran Infantry Armor Level 2, Terran Infantry Weapons Level 2  
  123  9:17  SCV x2  
  123  9:19  Marauder  
  123  9:21  Supply Depot  
  123  9:22  Supply Depot  
  117  9:27  Supply Depot x2  
  117  9:30  SCV x3  
  120  9:35  Marauder x2  
  124  9:43  Liberator  
  124  9:44  Missile Turret  
  124  9:45  Liberator  
  130  9:52  SCV x3, Supply Depot  
  133  10:00  Sensor Tower  
  133  10:02  Refinery  
  133  10:03  Refinery, Marine, Marauder x3  
  140  10:07  Marine x2  
  140  10:08  Marine  
  140  10:12  Widow Mine  
  145  10:14  Ghost Academy  
  145  10:20  Supply Depot  
  145  10:22  Supply Depot  
  145  10:25  Marauder  
  147  10:31  SCV x3  
  150  10:37  Widow Mine  
  152  10:43  Barracks x2  
  152  10:44  Barracks  
  152  10:48  Command Center  
  152  10:52  Missile Turret  
  152  10:57  Liberator x2  
  152  11:00  Terran Ship Weapons Level 1  
  152  11:04  Concussive Shells  
  155  11:12  Ghost x3  
  155  11:13  Enhanced Shockwaves  
  161  11:33  Terran Infantry Weapons Level 3  
  161  11:38  Marine  
  162  11:40  Viking x2  
  162  11:41  Marauder  
  162  11:42  Marine x3, Marauder x2  
  162  11:43  Barracks Tech Lab x2, Barracks Reactor  
  175  11:56  Missile Turret x2  
  175  11:57  Marine  
  175  11:59  Marine, Missile Turret  
  177  12:02  Terran Infantry Armor Level 3  
  177  12:03  Marauder x3  
  182  12:09  Marine, Marauder  
  178  12:22  Ghost  
  178  12:23  Ghost, Marine x2  
  178  12:24  Marine, Marauder  
  178  12:28  Starport  
  187  12:34  Planetary Fortress, Command Center  
  187  12:36  Sensor Tower  
  187  12:37  Barracks Reactor  
  187  12:48  Refinery x2  
  187  12:52  Missile Turret  
  187  12:54  Missile Turret  
  187  12:55  SCV x3  
  190  12:59  Medivac x2, Marauder  
  190  13:01  Smart Servos  
  190  13:05  Terran Ship Weapons Level 2  
  196  13:19  Personal Cloaking  
  196  13:25  Missile Turret  
  196  13:29  Command Center x2  
  196  13:42  Missile Turret x2  
  194  13:58  Orbital Command  
  181  14:07  Missile Turret  
  181  14:08  Ghost x4  
  184  14:10  Viking x4  
  192  14:30  Hi-Sec Auto Tracking  
  192  14:37  Command Center  
  192  14:39  Neosteel Armor, Command Center  
  192  14:40  Missile Turret, Medivac  
  191  14:58  Ghost  
  191  14:59  Viking x3  
  196  15:10  Viking  
  198  15:25  Terran Ship Weapons Level 3, Command Center  
  193  15:41  Viking x3  
  193  15:42  Viking  
  149  16:07  Marine x6, Marauder  
  149  16:08  Marauder  
  149  16:11  Viking x3  
  158  16:12  Viking  
  159  16:28  Marine, Marauder  
  156  16:36  Marine  
  156  16:37  Marine x8  
  161  16:41  Viking x2  
  146  16:57  Viking x2  
  146  16:58  Marine  
  146  16:59  Marine x4  
  160  17:02  Ghost x4  
  160  17:03  Ghost  
  160  17:04  Marine  
  164  17:11  Viking  
  162  17:16  Marine x3  
  162  17:17  Marine x2  
  162  17:22  Marine  
  156  17:31  Marine x3, Marauder  
  156  17:32  Marine  
  156  17:34  Marine x5  
  156  17:40  Marine  
  134  17:49  Marine x2, Marauder  
  134  17:51  Marauder  
  133  17:52  Marine x5  
  133  17:53  Marauder  
  133  17:57  Marine  
  129  18:07  Marauder x2  
  129  18:08  Orbital Command  
  129  18:10  Marine x5, Marauder  
  129  18:12  Marauder  
  125  18:14  Marine  
  125  18:15  Marine  
  131  18:21  Medivac  
  131  18:22  Medivac x2  
  131  18:23  Medivac  
  133  18:27  Marine  
  133  18:28  Marauder x2  
  138  18:36  Ghost x2  
  138  18:40  Ghost  
  144  18:42  Marine  
  144  18:44  Marine x2  
  144  18:46  Marine  
  144  18:47  Marine, Missile Turret  
  149  18:48  Marine  
  149  18:49  Marine  
  149  19:03  Sensor Tower  
  149  19:04  Ghost  
  149  19:05  Marine x5, Marauder  
  156  19:10  Viking x3  
  156  19:12  Viking  
  156  19:15  Marine, Marauder x2  
  168  19:28  Ghost  
  164  19:38  Ghost  
  164  19:39  Marine x3, Marauder  
  164  19:40  Marine x4  
  164  19:41  Marine  
  160  19:57  Marine x5  
  160  19:58  Marine x2, Marauder  
  160  19:59  Medivac, Marine  
  172  20:00  Medivac x3  
  178  20:12  Ghost x2  
  182  20:14  Ghost  
  182  20:16  Ghost  
  182  20:19  Ghost  
  143  20:53  Marauder x2  
Tags
 
Add a new tag
Caveats
  • Supply blocks, unpowered buildings, or Contaminate may cause inaccurate times.
  • Supply counts are checked every 10 seconds.